General information
- name: BNet
- type: Ladder team game (AT/RT)
- host: Battle.net
- saver: secreteam
map: Deathknell
- players: 8
- length: 49:11
- speed: Fast
- version: 1.28 W3XP
- replay type: Public
» download(422 KB)
Players
team 1 (loser)
ELEVEN. (
orange | 78 APM | 1238 actions | 15:50)
3 Priestess of the Moon
2 Trueshot Aura
1 Scout
2 Keeper of the Grove
1 Entangling Roots
1 Thorns Aura
» actions
| Assign group hotkey | 88 | |
| Basic commands | 14 | |
| Build / train | 50 | |
| ESC pressed | 1 | |
| Enter build submenu | 19 | |
| Enter hero's abilities submenu | 6 | |
| Give item / drop item | 3 | |
| Right click | 451 | |
| Select / deselect | 298 | |
| Select group hotkey | 232 | |
| Use ability | 76 | |
1238 total
» units
| Wisp | 20 | |
| Archer | 10 | |
| Hippogryph | 5 | |
35 total
» upgrades
| Improved Bows | 1 | |
| Hippogryph Taming | 1 | |
2 total
» buildings
| Altar of Elders | 1 | |
| Moon Well | 9 | |
| Ancient of War | 1 | |
| Tree of Ages | 1 | |
| Ancient of Wind | 2 | |
| Tree of Life | 2 | |
| Tree of Eternity | 1 | |
| Hunter's Hall | 1 | |
| Ancient of Wonders | 1 | |
19 total
» build order
00:18 Altar of Elders
00:33 Moon Well
00:37 Moon Well
01:14 Ancient of War
02:25 Tree of Ages
03:04 Moon Well
04:27 Moon Well
05:52 Ancient of Wind
05:54 Ancient of Wind
06:39 Moon Well
07:46 Tree of Life
09:38 Tree of Eternity
09:41 Moon Well
10:59 Moon Well
11:55 Hunter's Hall
12:43 Ancient of Wonders
12:57 Moon Well
12:58 Moon Well
13:51 Tree of Life
» items
| Scroll of Town Portal | 1 | |
| Potion of Healing | 1 | |
| Orb of Venom | 1 | |
3 total
olympicman (
teal | 39 APM | 1871 actions | 48:15)
4 Archmage
2 Summon Water Elemental
1 Brilliance Aura
1 Blizzard
» actions
| Assign group hotkey | 33 | |
| Basic commands | 1 | |
| Build / train | 155 | |
| Enter build submenu | 103 | |
| Enter hero's abilities submenu | 4 | |
| Right click | 585 | |
| Select / deselect | 633 | |
| Select group hotkey | 203 | |
| Use ability | 154 | |
1871 total
» units
| Peasant | 50 | |
| Footman | 6 | |
| Gnoll Overseer | 2 | |
| Knight | 3 | |
| Hippogryph | 2 | |
| Wisp | 10 | |
| Dragonhawk Rider | 10 | |
| Archer | 6 | |
89 total
» upgrades
| Defend | 1 | |
| Masonry | 3 | |
| Swords | 1 | |
| Plating | 1 | |
| Lumber Harvesting | 2 | |
| Cloud | 1 | |
9 total
» buildings
| Farm | 22 | |
| Barracks | 2 | |
| Altar of Kings | 2 | |
| Lumber Mill | 4 | |
| Scout Tower | 50 | |
| Arcane Tower | 4 | |
| Guard Tower | 44 | |
| Keep | 2 | |
| Blacksmith | 1 | |
| Castle | 2 | |
| Town Hall | 4 | |
| Tree of Life | 2 | |
| Moon Well | 5 | |
| Gryphon Aviary | 3 | |
| Arcane Vault | 1 | |
| Altar of Elders | 1 | |
| Ancient of War | 2 | |
151 total
» build order
00:22 Farm
00:38 Barracks
00:53 Altar of Kings
01:00 Lumber Mill
02:00 Farm
02:09 Scout Tower
02:35 Farm
02:38 Farm
02:40 Arcane Tower
02:44 Scout Tower
03:16 Farm
03:18 Scout Tower
03:42 Guard Tower
03:55 Scout Tower
04:04 Guard Tower
04:07 Scout Tower
04:27 Guard Tower
04:34 Scout Tower
04:37 Scout Tower
04:43 Guard Tower
04:59 Keep
05:17 Arcane Tower
05:26 Arcane Tower
06:06 Blacksmith
07:28 Castle
07:49 Barracks
07:54 Farm
09:05 Farm
09:39 Farm
10:51 Town Hall
10:55 Scout Tower
11:00 Scout Tower
11:07 Scout Tower
11:09 Scout Tower
11:12 Scout Tower
11:23 Farm
11:33 Guard Tower
11:34 Guard Tower
11:37 Guard Tower
11:39 Guard Tower
11:40 Guard Tower
12:35 Scout Tower
12:39 Scout Tower
12:44 Scout Tower
12:48 Scout Tower
13:05 Guard Tower
13:08 Scout Tower
13:10 Guard Tower
13:12 Scout Tower
13:15 Guard Tower
13:17 Guard Tower
13:21 Scout Tower
13:23 Scout Tower
13:40 Guard Tower
13:41 Guard Tower
13:48 Guard Tower
13:53 Guard Tower
15:03 Town Hall
19:34 Lumber Mill
19:48 Scout Tower
20:13 Scout Tower
20:17 Scout Tower
20:19 Guard Tower
20:40 Guard Tower
20:48 Guard Tower
21:15 Lumber Mill
21:21 Tree of Life
21:55 Farm
22:08 Scout Tower
22:11 Scout Tower
22:14 Scout Tower
22:37 Guard Tower
22:38 Guard Tower
22:46 Guard Tower
22:49 Scout Tower
22:52 Scout Tower
22:56 Scout Tower
23:00 Scout Tower
23:16 Guard Tower
23:19 Scout Tower
23:21 Guard Tower
23:23 Arcane Tower
23:27 Scout Tower
23:29 Guard Tower
23:32 Scout Tower
23:50 Guard Tower
23:52 Scout Tower
23:55 Guard Tower
23:57 Scout Tower
24:14 Moon Well
24:18 Guard Tower
24:19 Guard Tower
24:22 Scout Tower
24:27 Scout Tower
24:30 Scout Tower
24:31 Guard Tower
24:52 Guard Tower
24:55 Scout Tower
24:57 Guard Tower
24:59 Guard Tower
25:03 Scout Tower
25:04 Keep
25:28 Guard Tower
25:32 Scout Tower
25:35 Guard Tower
25:38 Scout Tower
25:43 Tree of Life
25:50 Farm
25:53 Farm
25:57 Lumber Mill
26:01 Guard Tower
26:04 Scout Tower
26:09 Farm
26:10 Guard Tower
26:32 Moon Well
26:38 Guard Tower
26:40 Farm
26:48 Farm
27:23 Farm
27:29 Altar of Kings
27:40 Farm
28:02 Farm
28:08 Gryphon Aviary
28:11 Gryphon Aviary
28:14 Gryphon Aviary
28:39 Farm
28:43 Farm
28:54 Castle
28:58 Farm
29:29 Farm
29:55 Arcane Vault
30:41 Altar of Elders
31:19 Ancient of War
31:23 Ancient of War
31:28 Town Hall
31:51 Moon Well
33:12 Moon Well
34:05 Moon Well
39:24 Scout Tower
39:27 Scout Tower
39:30 Scout Tower
39:33 Scout Tower
39:54 Guard Tower
39:56 Guard Tower
39:57 Guard Tower
39:59 Guard Tower
40:03 Scout Tower
41:24 Town Hall
42:17 Scout Tower
42:34 Guard Tower
42:37 Scout Tower

»
crybaby (
pink | 48 APM | 751 actions | 15:47)
3 Goblin Tinker
1 Pocket Factory
1 Engineering Upgrade
1 Cluster Rockets
2 Keeper of the Grove
1 Entangling Roots
1 Thorns Aura
» actions
| Build / train | 54 | |
| Enter build submenu | 17 | |
| Enter hero's abilities submenu | 5 | |
| Remove unit from queue | 1 | |
| Right click | 302 | |
| Select / deselect | 320 | |
| Use ability | 52 | |
751 total
» units
| Wisp | 15 | |
| Archer | 14 | |
| Goblin Shredder | 1 | |
| Hippogryph | 9 | |
39 total
» upgrades
| Hippogryph Taming | 1 | |
| Strength of the Moon | 2 | |
| Ultravision | 1 | |
| Improved Bows | 1 | |
5 total
» buildings
| Ancient of War | 1 | |
| Moon Well | 6 | |
| Altar of Elders | 1 | |
| Tree of Ages | 1 | |
| Hunter's Hall | 1 | |
| Ancient of Wonders | 1 | |
| Ancient of Wind | 3 | |
| Tree of Life | 1 | |
| Ancient Protector | 3 | |
18 total
» build order
00:32 Ancient of War
00:35 Moon Well
01:22 Altar of Elders
01:30 Moon Well
02:13 Moon Well
03:27 Tree of Ages
03:54 Hunter's Hall
04:31 Ancient of Wonders
05:53 Moon Well
06:00 Ancient of Wind
06:02 Ancient of Wind
07:08 Ancient of Wind
09:20 Tree of Life
09:24 Ancient Protector
10:16 Ancient Protector
10:18 Ancient Protector
11:05 Moon Well
12:28 Moon Well
» items
DODGERS-CHOKED (
red | 60 APM | 2936 actions | 49:10)
6 Blademaster
3 Wind Walk
2 Critical Strike
1 Bladestorm
» actions
| Assign group hotkey | 39 | |
| Basic commands | 188 | |
| Build / train | 79 | |
| Enter build submenu | 41 | |
| Enter hero's abilities submenu | 6 | |
| Give item / drop item | 7 | |
| Remove unit from queue | 1 | |
| Right click | 1119 | |
| Select / deselect | 403 | |
| Select group hotkey | 744 | |
| Use ability | 309 | |
2936 total
» units
| Peon | 15 | |
| Grunt | 4 | |
| Goblin Shredder | 6 | |
| Wind Rider | 11 | |
| Goblin Sapper | 6 | |
| Troll Batrider | 5 | |
| Raider | 3 | |
50 total
» upgrades
| Ranged Weapons | 2 | |
| Reinforced Defenses | 1 | |
| Armor | 2 | |
| Liquid Fire | 1 | |
| Burning Oil | 1 | |
7 total
» buildings
| Altar of Storms | 1 | |
| Orc Burrow | 6 | |
| Barracks | 1 | |
| Voodoo Lounge | 1 | |
| Stronghold | 2 | |
| Great Hall | 1 | |
| War Mill | 1 | |
| Watch Tower | 41 | |
| Fortress | 1 | |
| Beastiary | 4 | |
59 total
» build order
00:07 Altar of Storms
00:17 Orc Burrow
00:38 Barracks
01:23 Orc Burrow
02:22 Voodoo Lounge
03:15 Stronghold
03:15 Stronghold
04:14 Great Hall
04:36 War Mill
04:39 Orc Burrow
07:01 Watch Tower
07:02 Watch Tower
07:02 Watch Tower
07:02 Watch Tower
07:12 Fortress
07:50 Watch Tower
08:01 Beastiary
08:22 Beastiary
09:52 Beastiary
09:58 Watch Tower
10:08 Orc Burrow
10:12 Orc Burrow
10:44 Orc Burrow
10:56 Watch Tower
11:30 Watch Tower
11:35 Watch Tower
11:41 Watch Tower
13:55 Watch Tower
14:00 Watch Tower
14:18 Watch Tower
14:21 Watch Tower
16:53 Watch Tower
16:54 Watch Tower
17:39 Watch Tower
17:39 Watch Tower
18:38 Watch Tower
18:39 Watch Tower
19:18 Watch Tower
19:26 Watch Tower
19:26 Watch Tower
19:27 Watch Tower
19:27 Watch Tower
20:18 Watch Tower
20:18 Watch Tower
20:21 Watch Tower
20:23 Watch Tower
20:35 Watch Tower
20:41 Watch Tower
28:28 Watch Tower
28:28 Watch Tower
28:29 Watch Tower
28:29 Watch Tower
28:30 Watch Tower
29:49 Beastiary
32:50 Watch Tower
32:50 Watch Tower
33:01 Watch Tower
33:09 Watch Tower
33:52 Watch Tower
» items
| Healing Salve | 4 | |
| Scroll of Town Portal | 4 | |
| Tiny Great Hall | 2 | |
| Orb of Lightning | 1 | |
11 total
team 2 (winner)
midge818 (
green | 59 APM | 1626 actions | 27:41)
7 Blademaster
3 Wind Walk
3 Critical Strike
1 Bladestorm
1 Pandaren Brewmaster
1 Storm Earth and Fire
1 Firelord
1 Summon Lava Spawn
» actions
| Basic commands | 5 | |
| Build / train | 79 | |
| Enter build submenu | 19 | |
| Enter hero's abilities submenu | 9 | |
| Right click | 984 | |
| Select / deselect | 432 | |
| Use ability | 98 | |
1626 total
» units
| Peon | 13 | |
| Grunt | 4 | |
| Troll Headhunter/Berserker | 16 | |
| Shaman | 3 | |
| Troll Witch Doctor | 3 | |
| Troll Batrider | 3 | |
| Demolisher | 2 | |
| Raider | 1 | |
45 total
» upgrades
| Armor | 3 | |
| Witch Doctor Training | 2 | |
| Shaman Training | 2 | |
| Berserker Strength | 1 | |
| Ranged Weapons | 3 | |
| Reinforced Defenses | 1 | |
| Berserker Upgrade | 1 | |
| Liquid Fire | 1 | |
| Burning Oil | 1 | |
15 total
» buildings
| Altar of Storms | 1 | |
| Orc Burrow | 6 | |
| Barracks | 1 | |
| Voodoo Lounge | 3 | |
| War Mill | 1 | |
| Stronghold | 1 | |
| Watch Tower | 2 | |
| Spirit Lodge | 1 | |
| Great Hall | 2 | |
| Fortress | 1 | |
| Beastiary | 1 | |
20 total
» build order
00:10 Altar of Storms
00:31 Orc Burrow
01:15 Barracks
01:35 Voodoo Lounge
01:57 Orc Burrow
02:28 War Mill
03:03 Orc Burrow
04:12 Stronghold
05:10 Watch Tower
05:13 Watch Tower
06:34 Spirit Lodge
07:18 Orc Burrow
08:33 Great Hall
09:10 Fortress
10:10 Beastiary
11:32 Great Hall
11:54 Voodoo Lounge
12:24 Voodoo Lounge
16:25 Orc Burrow
16:53 Orc Burrow
» items
| Healing Salve | 3 | |
| Lesser Clarity Potion | 1 | |
| Scroll of Town Portal | 1 | |
| Scroll of Speed | 1 | |
6 total

»
ZambU (
yellow | 81 APM | 2883 actions | 35:34)
4 Blademaster
2 Wind Walk
2 Critical Strike
4 Shadow Hunter
2 Hex
2 Healing Wave
» actions
| Assign group hotkey | 16 | |
| Basic commands | 310 | |
| Build / train | 90 | |
| ESC pressed | 14 | |
| Enter build submenu | 76 | |
| Enter hero's abilities submenu | 8 | |
| Give item / drop item | 2 | |
| Remove unit from queue | 2 | |
| Right click | 1487 | |
| Select / deselect | 538 | |
| Select group hotkey | 133 | |
| Use ability | 207 | |
2883 total
» units
| Peon | 26 | |
| Wind Rider | 9 | |
| Goblin Sapper | 4 | |
| Goblin Shredder | 1 | |
| Troll Batrider | 3 | |
43 total
» upgrades
| Envenomed Spears | 1 | |
| Reinforced Defenses | 1 | |
| Ranged Weapons | 3 | |
| Armor | 3 | |
| Spiked Barricades | 2 | |
10 total
» buildings
| Altar of Storms | 1 | |
| Orc Burrow | 7 | |
| Voodoo Lounge | 2 | |
| Stronghold | 1 | |
| War Mill | 2 | |
| Fortress | 1 | |
| Beastiary | 3 | |
| Watch Tower | 59 | |
| Ancient Protector | 2 | |
78 total
» build order
00:07 Altar of Storms
00:16 Orc Burrow
01:29 Voodoo Lounge
02:21 Stronghold
02:48 War Mill
04:18 Orc Burrow
04:44 Fortress
04:45 Beastiary
05:37 Beastiary
06:36 Orc Burrow
06:37 Orc Burrow
08:37 Voodoo Lounge
15:42 Orc Burrow
15:43 Orc Burrow
20:55 Beastiary
21:32 Watch Tower
21:35 Watch Tower
21:36 Watch Tower
21:37 Watch Tower
21:53 Watch Tower
21:54 Watch Tower
22:03 Watch Tower
22:59 Watch Tower
23:01 Watch Tower
23:03 Watch Tower
23:03 Watch Tower
23:05 Watch Tower
23:06 Watch Tower
23:50 Watch Tower
24:06 Watch Tower
24:07 Watch Tower
27:16 Watch Tower
27:17 Watch Tower
27:17 Watch Tower
27:18 Watch Tower
27:19 Watch Tower
27:19 Watch Tower
28:05 Watch Tower
28:06 Watch Tower
28:07 Watch Tower
28:08 Watch Tower
28:47 Watch Tower
29:12 Ancient Protector
29:13 Ancient Protector
29:19 Watch Tower
29:19 Watch Tower
30:23 Watch Tower
30:24 Watch Tower
30:24 Watch Tower
30:45 War Mill
30:52 Watch Tower
30:53 Watch Tower
30:55 Watch Tower
30:55 Watch Tower
30:55 Watch Tower
30:57 Watch Tower
30:59 Watch Tower
32:24 Watch Tower
32:27 Watch Tower
32:28 Watch Tower
32:30 Watch Tower
32:32 Watch Tower
32:46 Watch Tower
32:46 Watch Tower
32:47 Watch Tower
32:48 Watch Tower
32:49 Watch Tower
32:50 Watch Tower
32:52 Watch Tower
32:53 Watch Tower
32:53 Watch Tower
33:07 Orc Burrow
33:28 Watch Tower
33:43 Watch Tower
33:46 Watch Tower
33:51 Watch Tower
34:24 Watch Tower
34:26 Watch Tower
» items
| Healing Salve | 5 | |
| Lesser Clarity Potion | 7 | |
| Tiny Great Hall | 3 | |
| Orb of Lightning | 1 | |
| Scroll of Town Portal | 1 | |
| Potion of Healing | 5 | |
22 total
jonsnowlives (
blue | 57 APM | 1332 actions | 23:30)
5 Pandaren Brewmaster
3 Breath of Fire
1 Drunken Haze
1 Drunken Brawler
4 Firelord
2 Summon Lava Spawn
2 Soul Burn
» actions
| Assign group hotkey | 27 | |
| Basic commands | 10 | |
| Build / train | 97 | |
| Enter build submenu | 26 | |
| Enter hero's abilities submenu | 9 | |
| Remove unit from queue | 1 | |
| Right click | 469 | |
| Select / deselect | 321 | |
| Select group hotkey | 299 | |
| Use ability | 72 | |
1332 total
» units
| Wisp | 33 | |
| Archer | 7 | |
| Huntress | 1 | |
| Hippogryph | 10 | |
| Druid of the Talon | 3 | |
| Faerie Dragon | 2 | |
| Mud Golem | 1 | |
| Gnoll Overseer | 1 | |
| Goblin Shredder | 1 | |
| Chimaera | 2 | |
61 total
» upgrades
| Strength of the Wild | 3 | |
| Reinforced Hides | 4 | |
| Ultravision | 1 | |
| Druid of the Talon Training | 2 | |
| Hippogryph Taming | 1 | |
| Mark of the Talon | 1 | |
| Corrosive Breath | 1 | |
| Well Spring | 1 | |
14 total
» buildings
| Altar of Elders | 1 | |
| Moon Well | 8 | |
| Ancient of War | 1 | |
| Hunter's Hall | 1 | |
| Tree of Ages | 1 | |
| Ancient of Wonders | 1 | |
| Tree of Life | 3 | |
| Ancient of Wind | 2 | |
| Ancient Protector | 6 | |
| Tree of Eternity | 1 | |
| Chimaera Roost | 2 | |
27 total
» build order
00:07 Altar of Elders
00:12 Moon Well
01:06 Ancient of War
01:55 Moon Well
02:32 Hunter's Hall
02:42 Moon Well
04:06 Tree of Ages
04:43 Ancient of Wonders
06:18 Tree of Life
06:32 Ancient of Wind
06:35 Ancient of Wind
07:33 Moon Well
08:41 Moon Well
10:18 Ancient Protector
11:24 Tree of Eternity
12:43 Moon Well
12:48 Ancient Protector
13:29 Moon Well
14:30 Moon Well
17:22 Chimaera Roost
17:28 Chimaera Roost
17:52 Tree of Life
19:46 Tree of Life
19:50 Ancient Protector
19:50 Ancient Protector
19:51 Ancient Protector
19:55 Ancient Protector
» items
| Healing Salve | 2 | |
| Lesser Clarity Potion | 1 | |
| Scroll of Town Portal | 2 | |
5 total
secreteam (
purple | 109 APM | 5346 actions | 49:11)
7 Blademaster
3 Wind Walk
3 Critical Strike
1 Bladestorm
5 Shadow Hunter
3 Hex
2 Healing Wave
» actions
| Assign group hotkey | 79 | |
| Basic commands | 434 | |
| Build / train | 164 | |
| ESC pressed | 41 | |
| Enter build submenu | 54 | |
| Enter hero's abilities submenu | 13 | |
| Give item / drop item | 7 | |
| Remove unit from queue | 1 | |
| Right click | 1979 | |
| Select / deselect | 874 | |
| Select group hotkey | 1338 | |
| Use ability | 362 | |
5346 total
» units
| Peon | 17 | |
| Grunt | 6 | |
| Goblin Shredder | 4 | |
| Troll Headhunter/Berserker | 8 | |
| Kodo Beast | 2 | |
| Goblin Sapper | 12 | |
| Goblin Zeppelin | 5 | |
| Wind Rider | 15 | |
| Troll Batrider | 1 | |
| Shaman | 1 | |
| Troll Witch Doctor | 2 | |
| Spirit Walker | 3 | |
| Demolisher | 1 | |
77 total
» upgrades
| Melee Weapons | 3 | |
| Berserker Strength | 1 | |
| Armor | 3 | |
| War Drums Damage Increase | 1 | |
| Reinforced Defenses | 1 | |
| Ranged Weapons | 3 | |
| Pillage | 1 | |
| Berserker Upgrade | 1 | |
| Envenomed Spears | 1 | |
| Spiked Barricades | 2 | |
| Liquid Fire | 1 | |
| Burning Oil | 1 | |
| Shaman Training | 2 | |
| Witch Doctor Training | 2 | |
| Troll Regeneration | 1 | |
| Spirit Walker Training | 2 | |
| Ensnare | 1 | |
27 total
» buildings
| Orc Burrow | 7 | |
| Altar of Storms | 1 | |
| Barracks | 3 | |
| Voodoo Lounge | 1 | |
| Stronghold | 4 | |
| War Mill | 1 | |
| Fortress | 2 | |
| Beastiary | 3 | |
| Great Hall | 4 | |
| Watch Tower | 23 | |
| Spirit Lodge | 3 | |
52 total
» build order
00:13 Orc Burrow
00:16 Orc Burrow
01:04 Altar of Storms
01:07 Barracks
01:35 Voodoo Lounge
02:20 Orc Burrow
03:45 Stronghold
03:45 Stronghold
04:20 War Mill
04:45 Orc Burrow
07:16 Fortress
07:16 Fortress
07:19 Beastiary
08:30 Great Hall
10:41 Beastiary
10:48 Watch Tower
10:50 Watch Tower
12:21 Watch Tower
13:04 Watch Tower
13:25 Watch Tower
13:29 Orc Burrow
14:46 Watch Tower
15:16 Beastiary
17:05 Orc Burrow
17:32 Orc Burrow
19:36 Watch Tower
29:17 Great Hall
29:24 Watch Tower
29:25 Watch Tower
29:26 Watch Tower
29:29 Watch Tower
30:34 Watch Tower
32:38 Watch Tower
32:47 Watch Tower
32:48 Watch Tower
33:16 Watch Tower
35:18 Great Hall
35:20 Watch Tower
35:21 Watch Tower
35:23 Watch Tower
35:24 Watch Tower
35:44 Stronghold
35:44 Stronghold
36:19 Spirit Lodge
36:21 Spirit Lodge
36:26 Spirit Lodge
36:29 Barracks
37:15 Barracks
42:15 Watch Tower
42:22 Watch Tower
45:57 Great Hall
46:00 Watch Tower
» items
| Healing Salve | 7 | |
| Lesser Clarity Potion | 5 | |
| Orb of Lightning | 3 | |
| Scroll of Town Portal | 3 | |
18 total
Chat log
(00:31 / Allies) jonsnowlives: ok so illl get the air force
(00:42 / Allies) ZambU: oj mass archers hipps
(00:46 / Allies) ZambU: with potm kotg
(00:55 / Allies) jonsnowlives: orange?
(00:57 / Allies) ZambU: yeah
(01:00 / Allies) ZambU: eleven.
(01:04 / Allies) ZambU: hes good
(01:09 / Allies) ZambU: fast expo
(01:17 / Allies) ZambU: and creep/pressure there shit
(03:01 / Allies) ZambU: shop
(03:02 / Allies) ZambU: if u need
(03:42 / Allies) ZambU: green
(03:43 / Allies) ZambU: come
(04:13 / All) ZambU: nom nom nom
(05:33 / All) DODGERS-CHOKED: green ill give u item to go away
(05:43 / All) ZambU: what about me
(06:07 / Allies) secreteam: green harass somewhere else
(06:08 / Allies) secreteam: he sucks
(11:56 / Allies) secreteam: help
(12:06 / Allies) ZambU: dont have aa
(12:15 / Allies) secreteam: ty man
(14:53 / Allies) secreteam: shit I don't have tp
(15:10 / All) ELEVEN.: GG red noob tks
(15:15 / All) DODGERS-CHOKED: ur a nigger lawl
(15:18 / All) DODGERS-CHOKED: i told u not to go aa
(15:32 / All) DODGERS-CHOKED: w/e ill kill u now
(15:55 / All) ZambU: gj red
(15:59 / All) ZambU: secret agent
(16:02 / All) DODGERS-CHOKED: thx he was anigger
(16:36 / All) ZambU: teal u know there are tower defense games u dont have to play ladder if ur not good
(19:28 / Allies) ZambU: uhh
(19:29 / Allies) ZambU: purp?
(21:10 / Allies) secreteam: yellow tk
(21:11 / Allies) secreteam: help
(21:13 / Allies) ZambU: uu started
(21:13 / Allies) ZambU: u fuck
(21:18 / Allies) secreteam: bullshit
(21:20 / Allies) secreteam: I did nothing
(21:21 / Allies) ZambU: rofl
(21:25 / Allies) ZambU: u killed my expo
(21:26 / Allies) ZambU: and main
(21:26 / Allies) secreteam: you're tker trash
(21:29 / Allies) secreteam: and im reporting you
(21:36 / Allies) secreteam: your main is there
(21:36 / Allies) midge818: purp u killed his base
(21:36 / Allies) secreteam: idiot
(21:40 / Allies) secreteam: nope
(21:46 / Allies) ZambU: ya were not dumb
(21:48 / Allies) ZambU: like u
(21:53 / Allies) midge818: bc he repaired stop being stupid
(22:06 / Allies) secreteam: tker trash
(22:08 / Allies) secreteam: all defending tker
(22:21 / Allies) secreteam: now you die
(22:33 / Allies) secreteam: cancel those towers buddy
(22:34 / Allies) ZambU: got tker
(22:35 / Allies) ZambU: and red
(22:36 / Allies) ZambU: here
(23:22 / All) jonsnowlives: meh
(23:23 / Allies) midge818: fuck em
(23:25 / All) jonsnowlives: im going on a date
(23:26 / All) jonsnowlives: have fun
(24:25 / Allies) secreteam: out
(24:26 / Allies) secreteam: you lose
(24:37 / Allies) ZambU: u need your boy friend
(24:39 / Allies) ZambU: to win ehh
(24:42 / Allies) secreteam: I control 2 players
(24:44 / Allies) ZambU: not good enough to tk
(24:45 / Allies) ZambU: urself
(24:49 / Allies) secreteam: good enough to control 2 players
(24:51 / Allies) secreteam: 200 apm
(24:53 / Allies) secreteam: 100 split on each dude
(25:04 / Allies) ZambU: ur complete trash
(25:23 / Allies) secreteam: I own you
(25:27 / Allies) ZambU: u wish
(25:43 / Allies) ZambU: u couldnt own me with ur iq rofcl
(25:50 / Allies) secreteam: what's your IQ
(27:34 / All) midge818: u retarded or whta
(28:36 / Allies) secreteam: out
(28:37 / Allies) secreteam: you lose
(30:54 / Allies) secreteam: give up retard
(31:06 / Allies) ZambU: talking to urself never a good sign
(32:14 / Allies) secreteam: nice try
(34:21 / Allies) secreteam: are you having as much fun as i am
(34:34 / Allies) ZambU: yeah
(34:37 / Allies) secreteam: i doubt that
(34:38 / Allies) ZambU: i like watching u struggle
(34:45 / Allies) secreteam: does it look like i'm struggling
(34:46 / All) DODGERS-CHOKED: nub lawl
(34:47 / Allies) secreteam: because i'm not
(34:48 / Allies) secreteam: you are.
(34:54 / All) ZambU: purp ur not even good
(35:09 / All) secreteam: Yellow has failed defending my tk all game
(35:11 / All) secreteam: and is talking shit
(35:13 / All) secreteam: you got raped
(35:22 / All) ZambU: buddy u ran from me 20 times
(35:27 / All) secreteam: nope
(35:27 / All) ZambU: i ran from u only when red helped
(35:31 / All) ZambU: and u think ur good
(35:33 / All) ZambU: rolf
(35:33 / All) secreteam: watch the replay
(44:15 / All) DODGERS-CHOKED: well hes not that ignorant
(44:20 / All) secreteam: gg
(44:30 / All) DODGERS-CHOKED: "red with ur wiht purple"
(46:04 / All) DODGERS-CHOKED: maybe he is
(46:07 / All) DODGERS-CHOKED: "kill him red"
(46:20 / All) secreteam: I win teal
(46:21 / All) secreteam: out
(48:16 / All) DODGERS-CHOKED: i told orange not to go aa
(48:18 / All) DODGERS-CHOKED: and he did
(48:21 / All) DODGERS-CHOKED: i told him dont go hippo
(48:23 / All) DODGERS-CHOKED: and he did
(48:24 / All) secreteam: they always do
(48:25 / All) DODGERS-CHOKED: so i tked him
(48:26 / All) secreteam: idiots
(48:35 / All) DODGERS-CHOKED: u should always go hu makes it easier
(48:37 / All) secreteam: not sure which team to lose
(48:39 / All) secreteam: both huge faggots
(48:40 / All) DODGERS-CHOKED: mine
(48:42 / All) secreteam: yeah the one game I go orc
(48:44 / All) secreteam: aight